 Dungeon Crawl Stone Soup version 0.29.1-2-gbd0b4ee654 (webtiles) character file.

Game seed: 6413234402125052415

7 eriqlaplus the Vexing (level 2, 7/14 HPs)
             Began as a Kobold Arcane Marksman on Nov 1, 2022.
             Was a Follower of Hepliaklqana.
             Quit the game on level 1 of the Dungeon.
             The game lasted 00:02:11 (468 turns).

eriqlaplus the Vexing (Kobold Arcane Marksman)       Turns: 468, Time: 00:02:12

Health: 7/14       AC:  2    Str:  7    XL:     2   Next: 5%
Magic:  0/3        EV: 15    Int: 14    God:    Hepliaklqana [*.....]
Gold:   0          SH:  0    Dex: 15    Spells: 2/3 levels left

rFire   . . .      SeeInvis .   d - +0 dagger
rCold   . . .      Faith    .   (no shield)
rNeg    . . .      Spirit   .   c - +0 robe
rPois   .          Reflect  .   (no helmet)
rElec   .          Harm     .   (no cloak)
rCorr   .          Rampage  .   (no gloves)
Will    .....                   (no boots)
Stlth   ++........              (no amulet)
HPRegen 0.04/turn               (no ring)
MPRegen 0.08/turn               (no ring)

@: no status effects
A: reduced essence, small, no large weapons, nightstalker 3
a: Renounce Religion, Recall Ancestor, Ancestor Identity


You were on level 1 of the Dungeon.
You worshipped Hepliaklqana.
Hepliaklqana was aware of your devotion.
You visited 1 branch of the dungeon, and saw 1 of its levels.

Inventory:

Hand Weapons
 a - a +1 sling
 d - a +0 dagger (weapon)
Armour
 c - a +0 robe (worn)
Scrolls
 b - a scroll of poison
Potions
 e - 2 potions of degeneration {unknown}


   Skills:
 + Level 1.1 Fighting
 + Level 0.3 Short Blades
 + Level 3.0 Ranged Weapons
 + Level 2.5 Dodging
 + Level 1.1 Spellcasting
 + Level 3.2 Hexes


You had 2 spell levels left.
You knew the following spells:

 Your Spells              Type           Power      Damage    Failure   Level
a - Slow                  Hex            36%        N/A       7%          1

Your spell library contained the following spells:

 Spells                   Type           Power      Damage    Failure   Level
 Inner Flame              Hex/Fire       5%         N/A       38%         3
 Portal Projectile        Hex/Tloc       10%        N/A       38%         3
 Cause Fear               Hex            4%         N/A       56%         4


Dungeon Overview and Level Annotations

Branches:
Dungeon (1/15)

Altars:
Hepliaklqana


Innate Abilities, Weirdness & Mutations

Your life essence is reduced to manifest your ancestor. (-10% HP)
You are small and have problems with some larger weapons.
You are completely attuned to the shadows.


Message History

The endoplasm hits you but does no damage.
Hrodulf barely misses the giant cockroach.
You hit the giant cockroach but do no damage.
The giant cockroach is heavily wounded.
The endoplasm closely misses you.
The giant cockroach completely misses you.
Hrodulf hits the giant cockroach but does no damage.
You hit the giant cockroach.
The giant cockroach is severely wounded.
The endoplasm closely misses you.
Hrodulf barely misses the giant cockroach.
The giant cockroach closely misses you.
You barely miss the giant cockroach.
The giant cockroach is severely wounded.
The endoplasm completely misses you.
Hrodulf hits the giant cockroach.
The giant cockroach barely misses Hrodulf.
You hit the giant cockroach.
You kill the giant cockroach!
The endoplasm hits you. The endoplasm freezes you.
You are frozen.
Hrodulf hits the endoplasm.
You see here a giant cockroach corpse.
An endoplasm is nearby!
Casting: Slow (safe; 7% risk of failure)
Confirm with . or Enter, or press ? or * to list all spells.
Aiming: Slow (safe; 7% risk of failure)
Press: ? - help, Shift-Dir - straight line, f - endoplasm
Aim: an endoplasm (moderately wounded, ally target, chance to affect: 64%)
The endoplasm seems to slow down.
Hrodulf hits the endoplasm.
The endoplasm misses you.
Hrodulf hits the endoplasm.
The endoplasm dies!
Your Ranged Weapons skill increases to level 3!
You have reached level 2!
Unknown command.
Unknown command.
Welcome back, eriqlaplus the Kobold Arcane Marksman.
Hepliaklqana says: Your past becomes your present!
Press ? for a list of commands and other information.
Are you sure you want to abandon this character and quit the game? (Confirm with "yes".)

#.##.......#
.....#
#.##.......#
.....#
#.##.......#
.....#
#.##.##.#.##
#.......#
####.#######
#..R.....
##......#
#.†@...#
#......#
#..[...#
#.###### ..


You could see the friendly Hrodulf the ancestor.

Vanquished Creatures
  A giant cockroach (D:1)
  2 hobgoblins (D:1)
  A kobold (D:1)
4 creatures vanquished.

Vanquished Creatures (collateral kills)
  An endoplasm (D:1)
1 creature vanquished.

Grand Total: 5 creatures vanquished

Notes
Turn   | Place    | Note
-------+----------+-------------------------------------------
     0 | D:1      | eriqlaplus the Kobold Arcane Marksman began the quest for
                  | the Orb.
     0 | D:1      | Reached XP level 1. HP: 12/12 MP: 2/2
   283 | D:1      | Found a faded altar of an unknown god.
   333 | D:1      | Prayed at the altar of an unknown god.
   333 | D:1      | Became a worshipper of Hepliaklqana the Forgotten
   333 | D:1      | Reached * piety under Hepliaklqana
   468 | D:1      | Reached XP level 2. HP: 7/14 MP: 0/3
   468 | D:1      | Quit the game

Illustrated notes

Levels and vault maps discovered:
D:1:      dpeg_arrival_rooms_c, layout_basic, nicolae_ecumenical_lake_church,
          minmay_pentomino_w4

Skill      XL: |  1 |
---------------+----+-----
Ranged Weapons | 3 |  3.0
Fighting       | |  1.1
Short Blades   | |  0.3
Dodging        | |  2.5
Spellcasting   | |  1.1
Hexes          | |  3.2

Action                   || total
-------------------------++-------
Melee: Dagger            ||    34
 Cast: Slow              ||     6
Armor: Robe              ||     2
Dodge: Dodged            ||    23
